 Dungeon Crawl Stone Soup version 0.31-a0-121-g1e386dd289 (webtiles) character file.

Game seed: 9633250045951926359

4578 Pimp the Fighter (level 10, 0/72 HPs)
             Began as a Demonspawn Fighter on May 23, 2023.
             Was an Initiate of Gozag.
             Slain by a thrashing horror (2 damage)
             ... on level 2 of the Abyss on May 31, 2023.
             The game lasted 00:20:41 (9438 turns).

Pimp the Fighter (Demonspawn Fighter)               Turns: 9438, Time: 00:20:43

Health: 0/72       AC: 11    Str: 19      XL:     10   Next: 18%
Magic:  9/9        EV: 11    Int: 11 (12) God:    Gozag
Gold:   684        SH: 10    Dex:  9 (12) Spells: 9/9 levels left

rFire   . . .        a - +2 war axe (venom)
rCold   . . .        c - +0 buckler
rNeg    . . .        b - +0 scale mail
rPois   +            d - +2 hat
rElec   .            e - +0 cloak
rCorr   .            (no gloves)
SInv    .            (no boots)
Will    .....        v - amulet of reflection Stlth
                     j - ring of wizardry
HPRegen 0.32/turn    D - ring of poison resistance
MPRegen 0.11/turn

%: reflection, wizardry (x1)
@: about to teleport
A: repulsion field 1, demonic guardian 1, foul stench 1, demonic touch 1, frail
1, low MP 1
a: Renounce Religion, Potion Petition, Call Merchant, Bribe Branch


You were on level 2 of the Abyss.
You worshipped Gozag.
Gozag was pleased with you.
You visited 2 branches of the dungeon, and saw 10 of its levels.
You visited the Abyss 1 time.

You collected 824 gold pieces.
You spent 65 gold pieces at shops.
You paid 75 gold pieces to Gozag.

Inventory:

Hand Weapons
 a - a +2 war axe of venom (weapon)
Armour
 b - a +0 scale mail (worn)
 c - a +0 buckler (worn)
 d - a +2 hat (worn)
 e - a +0 cloak (worn)
 l - a +0 helmet
Magical Staves
 f - a staff of conjuration
Jewellery
 j - a ring of wizardry (left hand)
 v - an amulet of reflection (around neck)
 D - a ring of poison resistance (right hand)
Wands
 g - a wand of acid (2)
 i - a wand of polymorph (16) (quivered)
 x - a wand of digging (6)
Scrolls
 h - 3 scrolls of blinking
 k - 3 scrolls of identify
 o - 2 scrolls of noise
 r - 2 scrolls of teleportation
 t - a scroll of poison
 w - a scroll of fog
 y - a scroll of magic mapping
Potions
 m - a potion of curing
 n - a potion of attraction
 p - a potion of mutation
 s - a potion of resistance
 u - 2 potions of might


   Skills:
 + Level 8.1 Fighting
 + Level 7.1 Axes
 + Level 7.4 Armour
 + Level 7.3 Shields


You had 9 spell levels left.
You didn't know any spells.
Your spell library contained the following spells:

 Spells                   Type           Power      Damage    Failure   Level
 Foxfire                  Conj/Fire      0%         2x1d4     41%         1
 Blink                    Tloc           0%         N/A       52%         2
 Lesser Beckoning         Tloc           0%         N/A       52%         2
 Momentum Strike          Conj/Tloc      0%         3d8       52%         2
 Poisonous Vapours        Pois/Air       0%         N/A       52%         2
 Sublimation of Blood     Necr           0%         N/A       52%         2
 Mephitic Cloud           Conj/Pois/Air  0%         N/A       77%         3
 Petrify                  Tmut/Erth      0%         N/A       98%         4
 Fireball                 Conj/Fire      0%         3d3       100%        5
 Freezing Cloud           Conj/Ice/Air   0%         6-21      100%        5
 Irradiate                Conj/Tmut      0%         3d11      100%        5
 Plasma Beam              Fire/Air       0%         2x1d11    100%        6
 Starburst                Conj/Fire      0%         6d3       100%        6


Dungeon Overview and Level Annotations

Branches:
Dungeon (9/15)             Temple (1/1) D:6
   Lair: D:8-11         Orc: D:9-12

Altars:
Ashenzari
Dithmenos
Fedhas
Gozag
Kikubaaqudgha
Okawaru
Qazlal
Ru
Sif Muna
Trog
Uskayaw
Vehumet
Wu Jian
Xom

Shops:
D:2 [   D:4 !

Annotations:
D:9 Erolcha


Innate Abilities, Weirdness & Mutations

You are surrounded by a mild repulsion field. (EV +2)
A weak demonic guardian rushes to your aid.
You may rarely emit foul miasma when damaged in melee.
Your touch may inflict minor irresistible damage on your foes.
You are frail. (-10% HP)
Your magical capacity is low. (-10% MP)


Message History

You stumble backwards!
Your quasit barely misses the thrashing horror.
Your quasit claws the thrashing horror but does no damage. x2
You feel better. The thrashing horror barely misses you.
You block the thrashing horror's attack.
Your quasit bites the thrashing horror but does no damage.
Your quasit closely misses the thrashing horror.
Your quasit claws the thrashing horror but does no damage.
The thrashing horror closely misses you.
The thrashing horror tramples you.
* * * LOW HITPOINT WARNING * * *
You hold your ground!
Blink to where?
Press: ? - help, Dir - move target
As you read the scroll of blinking, it crumbles to dust.
As you read the scroll of teleportation, it crumbles to dust.
You feel strangely unstable.
You feel the power of the Abyss delaying your translocation!
The thrashing horror attacks as you move away!
The thrashing horror tramples you but does no damage. x2
The thrashing horror misses you.
The thrashing horror tramples you but does no damage. x2
You block the thrashing horror's attack.
The thrashing horror tramples you!
* * * LOW HITPOINT WARNING * * *
You stumble backwards!
The thrashing horror attacks as you move away!
The thrashing horror tramples you.
* * * LOW HITPOINT WARNING * * *
The thrashing horror misses you. The thrashing horror barely misses you.
You block the thrashing horror's attack.
The thrashing horror attacks as you move away!
The thrashing horror tramples you!
* * * LOW HITPOINT WARNING * * *
The thrashing horror misses you. The thrashing horror barely misses you.
The thrashing horror closely misses you.
You block the thrashing horror's attack.
The thrashing horror tramples you.
You die...
Your body crumbles into a pile of gold.

...###...###...##
.#.
...#.....#.....#
... ...........
..... #..
#.....#.....#..
#..
##...###...###...
##.# #~~.## ##.##
#.
##...###...#~#...
..
.#.....#XX.≈.~♣..
.
.......@X..~.~≈..
.................§
.#.....#.....#....
##...###...## ...
#.... #.....# ..
...... .......
..... ........
..... .......


You could see 3 thrashing horrors.

Vanquished Creatures
  A two-headed ogre (D:8)
  Prince Ribbit (D:7)
  Sigmund (D:6)
  Eustachio (D:6)
  Menkaure (D:7)
  A water moccasin (D:5)
  An ice beast (D:8)
  A sky beast (D:6)
  4 ogres
  2 phantoms (D:6)
  A centaur (D:7)
  A lemure (D:7)
  2 kobold brigands
  2 bullfrogs (D:7)
  A gnoll sergeant (D:7)
  3 necrophages (D:5)
  A wyvern zombie (D:5)
  A scorpion (D:5)
  4 wights (D:7)
  4 killer bees (D:8)
  A howler monkey (D:6)
  A bullfrog zombie (D:5)
  A jelly (D:5)
  A hound (D:5)
  An orc priest (D:7)
  A gnoll bouda (D:7)
  A sleepcap (D:6)
  Ijyb (D:3)
  Terence (D:2)
  An orc wizard (D:4)
  Natasha (twice) (D:3)
  2 iguanas (D:6)
  Robin (D:3)
  A howler monkey zombie (D:5)
  8 adders
  8 gnolls (D:7)
  A shadow imp (D:7)
  An ufetubus (D:5)
  2 worms
  4 dart slugs
  21 orcs
  2 bats (D:2)
  5 endoplasms
  2 giant cockroaches (D:1)
  10 goblins
  15 hobgoblins
  8 jackals
  4 quokkas
  8 ball pythons
  4 frilled lizards
  22 kobolds
  4 rats
179 creatures vanquished.

Vanquished Creatures (collateral kills)
  Pikel (D:7)
  A water moccasin (D:3)
  A black bear (D:5)
  3 lemures (D:7)
  A bullfrog (D:7)
  A bullfrog zombie (D:5)
  An iguana (D:7)
  Natasha (D:3)
  An adder (D:4)
  An orc (D:5)
  A kobold (D:3)
13 creatures vanquished.

Vanquished Creatures (others)
  An orc (D:9)
1 creature vanquished.

Grand Total: 193 creatures vanquished

Notes
Turn   | Place    | Note
-------+----------+-------------------------------------------
     0 | D:1      | Pimp the Demonspawn Fighter began the quest for the Orb.
     0 | D:1      | Reached XP level 1. HP: 18/18 MP: 1/1
   261 | D:1      | Gained mutation: You may rarely emit foul miasma when
                  | damaged in melee. [demonic ancestry]
   261 | D:1      | Reached XP level 2. HP: 20/24 MP: 2/2
   371 | D:1      | Found a faded altar of an unknown god.
  1038 | D:2      | Gained mutation: Your touch may inflict minor irresistible
                  | damage on your foes. [demonic ancestry]
  1038 | D:2      | Reached XP level 3. HP: 24/29 MP: 3/3
  1094 | D:2      | Noticed Terence
  1131 | D:2      | Killed Terence
  1132 | D:2      | Gained mutation: A weak demonic guardian rushes to your
                  | aid. [demonic ancestry]
  1132 | D:2      | Reached XP level 4. HP: 17/35 MP: 4/4
  1252 | D:2      | Found Apsauzom's Armour Boutique.
  1806 | D:3      | Found a stormy altar of Qazlal.
  1820 | D:3      | Noticed Natasha
  1828 | D:3      | Killed Natasha
  1971 | D:3      | Noticed Robin
  1977 | D:3      | Noticed Natasha
  1984 | D:3      | Reached XP level 5. HP: 34/42 MP: 5/5
  1984 | D:3      | Killed Natasha
  1985 | D:3      | Killed Robin
  2004 | D:3      | Gained mutation: Your magical capacity is low. (-10% MP)
                  | [potion of mutation]
  2004 | D:3      | Gained mutation: You are frail. (-10% HP) [potion of
                  | mutation]
  2009 | D:3      | Noticed Ijyb
  2017 | D:3      | Killed Ijyb
  2018 | D:3      | Reached skill level 4 in Fighting
  2047 | D:3      | Noticed a water moccasin
  2067 | D:3      | Killed a water moccasin
  2068 | D:3      | Reached XP level 6. HP: 5/43 MP: 5/5
  2481 | D:3      | Found a broken altar of Ashenzari.
  2483 | D:3      | Noticed Natasha
  2484 | D:3      | Found a shimmering blue altar of Sif Muna.
  2493 | D:3      | Killed Natasha
  2495 | D:3      | Found a shimmering altar of Xom.
  2495 | D:3      | Found a shimmering altar of Xom.
  2495 | D:3      | Found an ancient bone altar of Kikubaaqudgha.
  2805 | D:4      | Found Retousib's Distillery.
  2833 | D:4      | Bought a potion of heal wounds for 65 gold pieces
  2913 | D:4      | Found a broken altar of Ashenzari.
  3005 | D:4      | Found a sacrificial altar of Ru.
  3223 | D:5      | Entered Level 5 of the Dungeon
  3248 | D:5      | Reached XP level 7. HP: 39/49 MP: 6/6
  3441 | D:5      | Reached skill level 5 in Fighting
  3851 | D:5      | Found a bloodstained altar of Trog.
  4077 | D:5      | Reached skill level 5 in Armour
  4161 | D:5      | Found a blossoming altar of Fedhas.
  4490 | D:5      | Gained mutation: You are surrounded by a mild repulsion
                  | field. (EV +2) [demonic ancestry]
  4490 | D:5      | Reached XP level 8. HP: 31/56 MP: 7/7
  4496 | D:5      | Reached skill level 5 in Shields
  4783 | D:6      | Noticed Sigmund
  4795 | D:6      | Killed Sigmund
  4796 | D:6      | Reached skill level 6 in Fighting
  4796 | D:6      | Reached skill level 5 in Axes
  5137 | D:6      | Found a staircase to the Ecumenical Temple.
  5152 | Temple   | Entered the Ecumenical Temple
  5223 | Temple   | Upgraded the game from 0.31-a0-75-g6fe912e8c5 to
                  | 0.31-a0-121-g1e386dd289
  5264 | Temple   | Became a worshipper of Gozag Ym Sagoz the Greedy
  5355 | D:6      | Noticed Eustachio
  5476 | D:6      | Killed Eustachio
  5477 | D:6      | Reached XP level 9. HP: 45/63 MP: 8/8
  5574 | D:6      | Found a radiant altar of Vehumet.
  5830 | D:6      | Found an ancient bone altar of Kikubaaqudgha.
  5897 | D:7      | Noticed Pikel
  5921 | D:7      | Killed Pikel
  5922 | D:7      | Reached skill level 7 in Fighting
  6294 | D:7      | Noticed Menkaure
  6315 | D:7      | Killed Menkaure
  7134 | D:7      | Identified the +10 short sword of Wounding {heavy, rPois
                  | rC+}
  7493 | D:7      | Noticed Prince Ribbit
  7502 | D:7      | Killed Prince Ribbit
  8455 | D:8      | Reached XP level 10. HP: 66/72 MP: 9/9
  8481 | D:8      | Noticed a two-headed ogre
  8837 | D:8      | Killed a two-headed ogre
  8838 | D:8      | Reached skill level 8 in Fighting
  8952 | D:9      | Noticed Erolcha
  9378 | Abyss:2  | Cast into level 2 of the Abyss (Erolcha)
  9384 | Abyss:2  | Found a corrupted altar of Lugonu.
  9417 | Abyss:2  | Noticed a thrashing horror
  9417 | Abyss:2  | Noticed a thrashing horror
  9420 | Abyss:2  | Noticed a thrashing horror
  9438 | Abyss:2  | HP: 2/72 [thrashing horror (8)]
  9438 | Abyss:2  | Slain by a thrashing horror

Illustrated notes

Levels and vault maps discovered:
D:1:      minmay_arrival_doors, layout_loops_corners,
          shapermc_ecumenical_altar_mp_urbaneastern, minmay_shallow_snake_nest
D:2:      layout_basic, serial_shops, shop, grunt_ministairs_13, uniq_terence
D:3:      layout_rooms, doesnt_xom_only_xom, nicolae_qazlal_general_emergency,
          hex_large, kennysheep_generic_room_12, uniq_robin, uniq_ijyb,
          uniq_natasha
D:4:      layout_rooms, nicolae_ru_the_path_less_chosen, lemuel_doored_altar,
          serial_shops, nicolae_shop_advertising_works
          [nicolae_subvault_shop_adworks], solitary_fountain
D:5:      layout_loops_corners, trog_hazing_becter, fedhas_altar_decomposition
D:6:      layout_cave_pools, mainiacjoe_overflow_small_starburst,
          general_overflow_altar, minmay_temple_entry_glass,
          minmay_crystal_water, serial_bayou_pond_c, uniq_eustachio,
          uniq_sigmund
D:7:      layout_basic, minmay_misc_feat_rugged, uniq_menkaure, uniq_pikel,
          uniq_prince_ribbit1
D:8:      layout_loops_ring
D:9:      layout_cave_pools, makhleb_altar_promises_db, amcnicky_altar_gilded,
          uniq_erolcha, uniq_gastronok
Temple:   nicolae_temple_colour_theory
Abyss:2:  base: Temple, evilmike_abyss_exit_chaos

Skill      XL: |  1  2  3  4  5  6  7  8  9 10 |
---------------+-------------------------------+-----
Axes           | 2 3 4 5 6 7 |  7.1
Armour         | 3 4 5 6 7 |  7.4
Shields        | 3 4 6 7 |  7.3
Fighting       | 4 5 6 7 8 |  8.1

Action                     |  1- 3 |  4- 6 |  7- 9 | 10-12 || total
---------------------------+-------+-------+-------+-------++-------
  Melee: War axe           |    87 |   116 |   337 |    30 ||   570
         Unarmed           |       |     3 |       |       ||     3
  Evoke: Wand              |       |       |     1 |     2 ||     3
    Use: Scroll            |     4 |     6 |     8 |     3 ||    21
         Potion            |     1 |     4 |     5 |     6 ||    16
   Stab: Invisible         |       |     1 |       |       ||     1
 Armour: Scale mail        |    41 |    75 |   142 |    18 ||   276
         Skin              |       |     4 |       |     1 ||     5
  Dodge: Dodged            |    43 |    68 |   181 |    32 ||   324
  Block: Buckler           |    21 |    38 |   115 |    28 ||   202
         Reflection        |       |       |     2 |     4 ||     6

Table legend: (Time is in decaauts)
 A = Elapsed time spent in this place.
 B = Non-inter-level travel time spent in this place.
 C = Inter-level travel time spent in this place.
 D = Time resting spent in this place.
 E = Time spent auto-exploring this place.
 F = Levels seen in this place.
 G = Mean time per level.
                   A        B        C        D        E       F      G
               +--------+--------+--------+--------+--------+-----+--------+
         Total |   9582 |   9043 |    539 |   1750 |   5451 |  11 |  871.1 |
       Dungeon |   9322 |   8788 |    534 |   1674 |   5394 |   9 | 1035.8 |
        Temple |    199 |    194 |      5 |     76 |     57 |   1 |  199.0 |
         Abyss |     61 |     61 |      0 |      0 |      0 |   1 |   61.0 |
               +--------+--------+--------+--------+--------+-----+--------+

Top non-repeatable levels by time:
     D:7: 2180 daAuts
     D:5: 1600 daAuts
     D:8: 1285 daAuts
     D:1: 1023 daAuts
     D:6: 943 daAuts
     D:3: 796 daAuts
     D:2: 761 daAuts
     D:4: 711 daAuts
  Temple: 199 daAuts
 Abyss:2: 61 daAuts
     D:9: 20 daAuts
